 Dungeon Crawl Stone Soup version 0.29-a0-506-ga2e7fffb44 (webtiles) character file.

Game seed: 11596074844322606819

1825 avis the Skirmisher (level 9, -2/93 HPs)
             Began as an Ogre Transmuter on May 28, 2022.
             Was a Believer of Okawaru.
             Slain by a gnoll sergeant
             ... wielding a +2 trident of venom
              (13 damage)
             ... on level 6 of the Dungeon on May 29, 2022.
             The game lasted 00:38:29 (5283 turns).

avis the Skirmisher (Ogre Transmuter)               Turns: 5283, Time: 00:38:30

Health: -2/93      AC:  2    Str: 16    XL:     9   Next: 11%
Magic:  17/18      EV: 21    Int: 16    God:    Okawaru [**....]
Gold:   243        SH:  0    Dex: 22    Spells: 8/18 levels left

rFire   . . .      SeeInvis .     - Unarmed
rCold   . . .      Faith    .   (shield currently unavailable)
rNeg    . . .      Spirit   .   (body armour currently unavailable)
rPois   .          Reflect  .   (helmet currently unavailable)
rElec   .          Harm     .   (cloak currently unavailable)
rCorr   .          Rampage  .   (gloves unavailable)
Will    .....                   (boots unavailable)
Stlth   ++........              c - amulet of regeneration
HPRegen 1.05/turn               n - +6 ring of dexterity
MPRegen 0.16/turn               O - ring of poison resistance

@: lethally poisoned (-2 -> -9), spider-form, weak-willed
A: venomous fangs, tiny, unfitting armour, (tough skin 1), high MP 1, sense
surroundings 1
a: End Transformation, Renounce Religion, Heroism


You were on level 6 of the Dungeon.
You worshipped Okawaru.
Okawaru was pleased with you.
You were a venomous arachnid creature.
You visited 2 branches of the dungeon, and saw 7 of its levels.

You collected 243 gold pieces.

Inventory:

Hand Weapons
 b - a +0 hunting sling
 p - a +2 spectral club
 u - a +0 dagger of flaming
 D - a +1 rapier of draining
 I - a +1 rapier of speed
 K - a +0 vorpal flail
 N - a +0 giant spiked club
 Q - the +3 trident "Seokeany" {freeze, rC+ Int+2}
   (You found it on level 6 of the Dungeon)

   It freezes those it strikes, dealing additional cold damage.
   It can also slow down cold-blooded creatures.
   Int:       It affects your intelligence (+2).
   rC:        It protects you from cold.
Missiles
 g - 16 poisoned darts
 q - 3 boomerangs
 y - 4 large rocks
Armour
 l - a +2 robe of resistance (melded)
 o - a +0 leather armour of fire resistance
 M - a +0 hat (melded)
Magical Staves
 E - a staff of fire
 P - a staff of death
Jewellery
 a - a ring of resist corrosion
 c - an amulet of regeneration (around neck)
 n - a +6 ring of dexterity (left front leg)
 H - a ring of see invisible
 O - a ring of poison resistance (right front leg)
Wands
 k - a wand of flame (57)
 t - a wand of polymorph (13)
Scrolls
 d - 3 scrolls of vulnerability
 e - 3 scrolls of poison {unknown}
 f - 3 scrolls of magic mapping {unknown}
 h - 2 scrolls of enchant armour {unknown}
 i - 4 scrolls of teleportation {unknown}
 j - a scroll of blinking {unknown}
 m - 2 scrolls of fear {unknown}
 x - 2 scrolls of identify {unknown}
 C - 2 scrolls of immolation {unknown}
 F - a scroll of brand weapon {unknown}
Potions
 r - a potion of attraction {unknown}
 s - a potion of magic {unknown}
 v - a potion of brilliance {unknown}
 w - a potion of ambrosia {unknown}
 z - a potion of resistance {unknown}
 A - a potion of flight {unknown}
 B - a potion of curing {unknown}
 G - a potion of haste
 J - a potion of degeneration {unknown}
 L - a potion of berserk rage {unknown}


   Skills:
 * Level 7.4 Fighting
 - Level 3.0 Dodging
 - Level 4.0 Unarmed Combat
 - Level 5.0 Spellcasting
 - Level 4.0 Transmutations
 - Level 4.0 Ice Magic
 - Level 2.0 Poison Magic
 - Level 5.0 Invocations


You had 8 spell levels left.
You knew the following spells:

 Your Spells              Type           Power      Damage    Failure   Level
a - Beastly Appendage     Tmut           32%        N/A       11%         1
c - Passwall              Tmut/Erth      8%         N/A       24%         2
p - Spider Form           Tmut/Pois      13%        N/A       30%         3
q - Ice Form              Ice/Tmut       16%        N/A       50%         4

Your spell library contained the following spells:

 Spells                   Type           Power      Damage    Failure   Level
 Wereblood                Tmut           16%        N/A       13%         2
 Ensorcelled Hibernation  Hex/Ice        20%        N/A       24%         2
 Sandblast                Erth           8%         2d5       34%         1
 Sublimation of Blood     Necr           4%         N/A       43%         2
 Stone Arrow              Conj/Erth      8%         3d7       63%         3
 Swiftness                Air            4%         N/A       63%         3
 Summon Small Mammal      Summ           Unusable   N/A       N/A         1
 Call Canine Familiar     Summ           Unusable   N/A       N/A         3
 Summon Guardian Golem    Hex/Summ       Unusable   N/A       N/A         3
 Summon Hydra             Summ           Unusable   N/A       N/A         7

Dungeon Overview and Level Annotations

Branches:
Dungeon (6/15)             Temple (1/1) D:4

Altars:
Ashenzari
Cheibriados
Dithmenos
Elyvilon
Fedhas
Gozag
Hepliaklqana
Kikubaaqudgha
Makhleb
Nemelex Xobeh
Okawaru
Qazlal
Ru
Sif Muna
Trog
Uskayaw
Vehumet
Wu Jian
Xom
Yredelemnul
Zin
The Shining One

Shops:
D:3 =(!   D:6 (


Innate Abilities, Weirdness & Mutations

You are a venomous arachnid creature.
You have poisonous fangs.
You are tiny and dextrous.
Your spellcasting is less reliable in this form.
Your armour is entirely melded.
You are incapable of wielding weapons or throwing items.
You are too large for most types of armour.
((You have tough skin. (AC +1)))
You have an increased reservoir of magic. (+10% MP)
You passively map a small area around you.


Message History

The gnoll sergeant hits you from afar with a +2 trident of venom!!
You are more poisoned.
You hit the gnoll.
You kill the gnoll!
Okawaru accepts your kill.
You feel extremely sick. The gnoll sergeant closely misses you.
You feel very sick.
The gnoll sergeant hits you with a +2 trident of venom!
Things that are here:
a +0 spear; 15 gold pieces; a gnoll corpse You hit the gnoll sergeant but do no damage.
The gnoll sergeant is poisoned.
You feel very sick.
The gnoll sergeant hits you with a +2 trident of venom!
You are more poisoned.
You hit the gnoll sergeant but do no damage.
The gnoll sergeant is lightly wounded.
* * * LOW HITPOINT WARNING * * *
You feel extremely sick.
You hit the gnoll sergeant but do no damage.
The gnoll sergeant looks as sick as possible!
The gnoll sergeant is moderately wounded.
* * * LOW HITPOINT WARNING * * *
You feel extremely sick. The gnoll sergeant closely misses you.
You hit the gnoll sergeant but do no damage.
The gnoll sergeant looks as sick as possible!
The gnoll sergeant is moderately wounded.
* * * LOW HITPOINT WARNING * * *
You feel very sick.
The gnoll sergeant completely misses you.
Okay, then.
Okay, then.
As you read the scroll labelled KIYMNI PIEZIGI, it crumbles to dust.
Magic quickly surges around you.
It was a scroll of vulnerability.
* * * LOW HITPOINT WARNING * * *
You feel very sick.
The gnoll sergeant hits you with a +2 trident of venom!
You die...

#.#
#.#
#.#
#.#
#.#
#.#
#.#
#.#
#s#
#g#
* *
#gg,
,
####


You could see a gnoll sergeant (extremely poisoned, weak-willed) and 2 gnolls.

Vanquished Creatures
  Sigmund (D:2)
  Eustachio (D:4)
  A black bear (D:5)
  2 ogres
  4 phantoms
  Blork the orc (D:4)
  A necrophage (D:4)
  4 scorpions
  A bullfrog (D:6)
  4 hounds
  An orc priest (D:4)
  A jelly (D:4)
  Jessica (D:2)
  Natasha (thrice) (D:2)
  3 orc wizards
  4 adders
  4 gnolls
  A white imp (D:5)
  2 ufetubi
  5 dart slugs
  19 orcs
  4 bats
  3 endoplasms (D:1)
  2 giant cockroaches (D:1)
  4 goblins
  8 hobgoblins
  6 kobolds
  4 quokkas
  8 ball pythons
  A frilled lizard (D:2)
  7 rats
111 creatures vanquished.

Notes
Turn   | Place    | Note
-------+----------+-------------------------------------------
     0 | D:1      | avis the Ogre Transmuter began the quest for the Orb.
     0 | D:1      | Reached XP level 1. HP: 19/19 MP: 3/3
   260 | D:1      | Found a faded altar of an unknown god.
   266 | D:1      | Reached XP level 2. HP: 28/28 MP: 5/5
   559 | D:1      | Reached skill level 2 in Fighting
   599 | D:1      | Reached XP level 3. HP: 30/35 MP: 7/7
   743 | D:1      | Reached skill level 3 in Fighting
  1117 | D:2      | Noticed Sigmund
  1124 | D:2      | Learned a level 3 spell: Spider Form
  1257 | D:2      | Killed Sigmund
  1258 | D:2      | Reached XP level 4. HP: 28/45 MP: 5/8
  1258 | D:2      | Reached XP level 5. HP: 33/53 MP: 5/9
  1397 | D:2      | Noticed Jessica
  1401 | D:2      | Killed Jessica
  1402 | D:2      | Reached XP level 6. HP: 62/62 MP: 10/10
  1447 | D:2      | Noticed Natasha
  1457 | D:2      | Killed Natasha
  1458 | D:2      | Reached skill level 4 in Fighting
  1584 | D:2      | Noticed Natasha
  1590 | D:2      | Killed Natasha
  1745 | D:2      | Learned a level 4 spell: Ice Form
  1748 | D:2      | Learned a level 2 spell: Passwall
  1761 | D:2      | Noticed Natasha
  1770 | D:2      | Killed Natasha
  1771 | D:2      | Reached skill level 5 in Fighting
  1851 | D:3      | Found Iwasoarud's Antique Weapon Emporium.
  2229 | D:3      | Found Ose Liche's Distillery.
  2421 | D:3      | Found Ociawk's Jewellery Boutique.
  2987 | D:4      | Reached XP level 7. HP: 65/72 MP: 9/11
  3043 | D:4      | Reached skill level 1 in Ice Magic
  3071 | D:4      | Found a staircase to the Ecumenical Temple.
  3081 | Temple   | Entered the Ecumenical Temple
  3195 | Temple   | Became a worshipper of Warmaster Okawaru
  3248 | D:4      | Found a shadowy altar of Dithmenos.
  3363 | D:4      | Noticed Eustachio
  3379 | D:4      | Killed Eustachio
  3399 | D:4      | Gained mutation: You have an increased reservoir of magic.
                  | (+10% MP) [potion of mutation]
  3399 | D:4      | Gained mutation: You passively map a small area around you.
                  | [potion of mutation]
  3548 | D:4      | Reached skill level 1 in Invocations
  3667 | D:4      | Reached XP level 8. HP: 75/80 MP: 8/13
  3744 | D:4      | Noticed Blork the orc
  3753 | D:4      | Killed Blork the orc
  3753 | D:4      | Reached * piety under Okawaru
  3976 | D:5      | Entered Level 5 of the Dungeon
  3991 | D:5      | Reached skill level 6 in Fighting
  4309 | D:5      | Reached skill level 5 in Invocations
  4580 | D:5      | Reached skill level 7 in Fighting
  4939 | D:6      | Reached skill level 5 in Spellcasting
  5005 | D:6      | Found Riusunn's Weapon Emporium.
  5016 | D:6      | Reached ** piety under Okawaru
  5017 | D:6      | Reached XP level 9. HP: 92/93 MP: 16/18
  5212 | D:6      | Identified the +3 trident "Seokeany" {freeze, rC+ Int+2}
  5283 | D:6      | Slain by a gnoll sergeant

Illustrated notes

Levels and vault maps discovered:
D:1:      wander_arrival_desolate, layout_loops_ring,
          chequers_ecumenical_altar_simple
D:2:      layout_rooms, uniq_sigmund, uniq_natasha, uniq_jessica
D:3:      layout_basic, serial_co_window_serial, co_window_paths_a,
          co_window_paths_a, co_window_paths_a, co_window_paths_a,
          co_window_of_opportunity_a, co_window_of_opportunity_a,
          co_window_paths_b, co_window_2corner, co_window_of_opportunity_c,
          co_window_broadway_b, co_window_2corner, serial_shops,
          nicolae_square_shop, nicolae_shop_hallway_plus, nicolae_square_shop
D:4:      layout_basic, mainiacjoe_overflow_alcove_1,
          minmay_temple_entry_drinking_statues, uniq_blork_the_orc,
          uniq_eustachio
D:5:      layout_cave_pools
D:6:      layout_basic, serial_shops, nicolae_shop_waterfront
Temple:   kilobyte_greek_temple

Skill      XL: |  1  2  3  4  5  6  7  8  9 |
---------------+----------------------------+-----
Dodging        | 2 3 |  3.0
Transmutations | 2 3 4 |  4.0
Fighting       | 2 3 5 7 |  7.4
Unarmed Combat | 3 4 |  4.0
Spellcasting   | 3 5 |  5.0
Poison Magic   | 2 |  2.0
Ice Magic      | 4 |  4.0
Invocations    | 2 5 |  5.0

Action                   |  1- 3 |  4- 6 |  7- 9 || total
-------------------------+-------+-------+-------++-------
Melee: Unarmed           |    99 |    60 |   238 ||   397
       Punch             |     4 |     1 |       ||     5
       Headbutt          |     3 |     1 |     2 ||     6
       Kick              |     4 |     2 |     3 ||     9
 Fire: Hunting sling     |    29 |    17 |       ||    46
 Cast: Beastly Appendage |     7 |     4 |     1 ||    12
       Spider Form       |     1 |    16 |    23 ||    40
       Ice Form          |       |       |     3 ||     3
  Use: Potion            |       |       |     2 ||     2
       Scroll            |       |       |     1 ||     1
 Stab: Sleeping          |     2 |       |     1 ||     3
Armor: Robe              |    26 |     3 |     1 ||    30
       Skin              |       |     1 |    53 ||    54
Dodge: Dodged            |    37 |    45 |   221 ||   303

Table legend: (Time is in decaauts)
 A = Elapsed time spent in this place.
 B = Non-inter-level travel time spent in this place.
 C = Inter-level travel time spent in this place.
 D = Time resting spent in this place.
 E = Time spent auto-exploring this place.
 F = Levels seen in this place.
 G = Mean time per level.
                   A        B        C        D        E       F      G
               +--------+--------+--------+--------+--------+-----+--------+
         Total |   5291 |   4887 |    404 |    594 |   2751 |   7 |  755.9 |
       Dungeon |   5143 |   4768 |    375 |    594 |   2658 |   6 |  857.2 |
        Temple |    148 |    119 |     29 |      0 |     93 |   1 |  148.0 |
               +--------+--------+--------+--------+--------+-----+--------+

Top non-repeatable levels by time:
     D:3: 1198 daAuts
     D:1: 1058 daAuts
     D:4: 983 daAuts
     D:5: 749 daAuts
     D:2: 718 daAuts
     D:6: 433 daAuts
  Temple: 148 daAuts
